 Dungeon Crawl Stone Soup version 0.17-a0-18-gc25b939 (webtiles) character file.

40644 Pikaro the Sharpshooter (level 13, -23/118 HPs)
             Began as a Centaur Hunter on Mar 6, 2015.
             Was a High Priest of Nemelex Xobeh.
             Killed from afar by Nergalle (40 damage)
             ... with a bolt of negative energy
             ... on level 4 of the Lair of Beasts.
             The game lasted 01:33:57 (25908 turns).

Pikaro the Sharpshooter (Centaur Hunter)           Turns: 25908, Time: 01:33:57

Health: -23/118    AC: 15    Str: 16    XL:     13   Next: 75%
Magic:  9/9        EV: 12    Int: 10    God:    Nemelex Xobeh [*****.]
Gold:   699        SH:  0    Dex: 17    Spells: 4 memorised, 4 levels left

rFire  + + .     SeeInvis .     a - +6 trident "Smaughud" {elec, rF+ rC+ MR- Dex+4}
rCold  + . .     Clarity  .     E - +0 leather armour {rF+}
rNeg   . . .     SustAb   .     (no shield)
rPois  +         Gourm    .     V - +2 helmet
rElec  .         Spirit   .     R - +0 cloak
rCorr  .         Warding  .     r - +2 pair of gloves of Purpose {MR++}
rMut   .         Stasis   .     (no barding)
MR     +....                    M - amulet of regeneration {+regen, !d}
Stlth  ..........               C - ring of loudness (curse) {Stlth-}
                                T - ring of poison resistance {rPois, !d}

@: exhausted, slowed, heavily drained, somewhat resistant to hostile
enchantments, extremely unstealthy
A: hooves 3, rough black scales 1, deformed body, speed 2, tough skin 3
a: Triple Draw, Deal Four, Stack Five, Renounce Religion


You were on level 4 of the Lair of Beasts.
You worshipped Nemelex Xobeh.
Nemelex Xobeh was extremely pleased with you.
You were hungry.

You visited 3 branches of the dungeon, and saw 16 of its levels.

You collected 912 gold pieces.
You spent 213 gold pieces at shops.

Inventory:

Hand weapons
 a - the +6 trident "Smaughud" (weapon) {elec, rF+ rC+ MR- Dex+4}
   (You found it on level 7 of the Dungeon)

   Occasionally, upon striking a foe, it will discharge some electrical energy
   and cause terrible harm.
   It affects your dexterity (+4).
   It protects you from fire.
   It protects you from cold.
   It affects your resistance to hostile enchantments.
 b - a +2 hand crossbow
Missiles
 O - 2 bolts
 Z - 4 steel bolts
Armour
 r - the +2 pair of gloves of Purpose (worn) {MR++}
   (You found it on level 2 of the Lair of Beasts)

   It affects your resistance to hostile enchantments.
 E - a +0 leather armour of fire resistance (worn)
   (You took it off an orc on level 10 of the Dungeon)
 R - a +0 cloak (worn)
   (You found it on level 9 of the Dungeon)
 V - a +2 helmet (worn)
   (You found it on level 9 of the Dungeon)
Jewellery
 d - an uncursed ring of protection from cold {rC+, !d}
   (You found it on level 8 of the Dungeon)
 B - a +3 ring of strength
   (You found it on level 6 of the Dungeon)
 C - a cursed ring of loudness (right hand) {Stlth-}
   (You found it on level 3 of the Lair of Beasts)
 M - an amulet of regeneration (around neck) {+regen, !d}
   (You took it off a wight on level 11 of the Dungeon)
 T - a ring of poison resistance (left hand) {rPois, !d}
   (You found it on level 3 of the Lair of Beasts)
Magical devices
 v - a wand of digging (10)
   (You found it on level 2 of the Lair of Beasts)
 z - a wand of digging (14)
   (You bought it in a shop on level 5 of the Dungeon)
 H - a wand of paralysis (4)
   (You found it on level 3 of the Lair of Beasts)
 Q - a wand of random effects (20)
   (You found it on level 3 of the Lair of Beasts)
 W - a wand of cold (10)
   (You found it on level 9 of the Dungeon)
Scrolls
 k - 3 scrolls of fog
 m - a scroll of immolation {unknown}
 n - a scroll of holy word {unknown}
 p - 2 scrolls of teleportation {unknown}
 w - 2 scrolls of enchant armour {unknown}
 y - 2 scrolls of random uselessness {unknown}
 G - 2 scrolls of fear {unknown}
 J - 2 scrolls of blinking {unknown}
 K - a scroll of acquirement {unknown}
 P - a scroll of torment {unknown}
Potions
 e - 3 potions of might {unknown}
 f - 2 potions of ambrosia {!q}
 i - a potion of haste
 j - 2 potions of mutation {unknown}
 u - a potion of magic {unknown}
 x - a potion of cancellation {unknown}
 A - a potion of invisibility
 Y - 4 potions of curing
Miscellaneous
 c - a plain deck of destruction
   (Nemelex Xobeh gifted it to you on level 1 of the Lair of Beasts)
 g - an ornate deck of escape {drawn: 1}
   (Nemelex Xobeh gifted it to you on level 10 of the Dungeon)
 l - an ornate deck of war
   (Nemelex Xobeh gifted it to you on level 1 of the Lair of Beasts)
 q - a plain deck of war
   (Nemelex Xobeh gifted it to you on level 2 of the Lair of Beasts)
 s - a lamp of fire
   (You found it on level 2 of the Lair of Beasts)
 D - an ornate deck of war
   (Nemelex Xobeh gifted it to you on level 3 of the Lair of Beasts)
 F - a plain deck of destruction
   (Nemelex Xobeh gifted it to you on level 3 of the Lair of Beasts)
 I - a plain deck of destruction {drawn: 1}
   (Nemelex Xobeh gifted it to you on level 7 of the Dungeon)
 L - a legendary deck of destruction {drawn: 1}
   (Nemelex Xobeh gifted it to you on level 11 of the Dungeon)
 U - a plain deck of war {drawn: 1}
   (Nemelex Xobeh gifted it to you on level 9 of the Dungeon)
Comestibles
 h - 5 bread rations
 o - 55 fruits
 t - 9 meat rations
 N - 3 chunks of flesh


   Skills:
 - Level 12.0(10.2) Fighting
 - Level 18.0(16.0) Crossbows
 + Level 2.9(1.5) Armour
 + Level 6.7(5.2) Dodging
 - Level 0.5(0.0) Stealth


You had 4 spell levels left.
You knew the following spells:

 Your Spells              Type           Power        Failure   Level  Hunger
r - Repel Missiles        Chrm/Air       #.....       73%         2    ###....
A - Call Imp              Summ           #.......     73%         2    ###....
B - Slow                  Hex            #.......     73%         2    ###....
C - Blink                 Tloc           N/A          73%         2    ###....


Dungeon Overview and Level Annotations

Branches:
Dungeon (11/15)            Temple (1/1) D:4            Lair (4/8) D:8
    Orc (0/4) D:11
  Swamp: Lair:3-6    Shoals: Lair:3-6     Snake: Lair:3-6    Spider: Lair:3-6

Altars:
Ashenzari
Cheibriados
Dithmenos
Elyvilon
Fedhas
Gozag
Kikubaaqudgha
Makhleb
Nemelex Xobeh
Okawaru
Qazlal
Ru
Sif Muna
Trog
Vehumet
Xom
Yredelemnul
Zin
The Shining One

Shops:
D:5 *   D:11 ([

Annotations:
Lair:4 Nergalle


Innate Abilities, Weirdness & Mutations

You have hooves in place of feet.
Armour fits poorly on your strangely shaped body.
You cover ground very quickly.
You have extremely tough skin (AC +3).
You are partially covered in rough black scales (AC +4, Dex -1).


Message History

You closely miss the wolf. The wolf bites you!
The wolf bites you but does no damage.
The spectral orc warrior hits you but does no damage.
The spectral orc warrior barely misses you.
The wolf barely misses you. x2
The yak closely misses you.
You take 6 damage, and have 93/177 hp.
Danger x4: yak x2, wolf x2!
You puncture the wolf! Your kick misses the wolf.
The wolf bites you but does no damage. The wolf completely misses you.
The yak gores you but does no damage.
The spectral orc warrior hits you but does no damage.
The spectral orc warrior barely misses you.
You impale the wolf!!
You kill the wolf!
The wolf misses you. The yak gores you but does no damage. The yak gores you.
The wolf bites you!
You hear some strange, mumbled words.
The spectral orc warrior seems to speed up.
The spectral orc warrior barely misses you. x2
You take 10 damage, and have 84/177 hp.
Warning x3: The yak can hit for moderate damage in melee! x2
The wolf is very fast and can hit for moderate damage in melee!
You impale the yak!! You kick the yak. The wolf closely misses you.
The yak gores you. The yak closely misses you.
The spectral orc warrior hits you but does no damage.
Something hits you.
You take 5 damage, and have 79/177 hp.
You barely miss the yak. You kick the yak!
The wolf bites you but does no damage.
The spectral orc warrior barely misses you. x2
The yak gores you but does no damage. x2
The wolf bites you but does no damage.
A giant frog comes into view.
Warning x3: The yak can hit for moderate damage in melee! x2
The wolf is very fast and can hit for moderate damage in melee!
The giant frog gives a loud, deep croak!
You puncture the yak!
There is a sudden explosion of sparks!
You kill the yak!
The spectral orc warrior hits you but does no damage.
Something barely misses you. The wolf misses you.
The spectral orc warrior misses you. The yak gores you but does no damage.
Warning x2: The yak can hit for moderate damage in melee!
The wolf is very fast and can hit for moderate damage in melee!
You puncture the yak! Your kick misses the yak. The wolf barely misses you.
The spectral orc warrior barely misses you.
Something hits you but does no damage. The yak gores you!
The wolf barely misses you.
The spectral orc warrior hits you but does no damage.
You take 12 damage, and have 68/177 hp.
Warning x2: The yak can hit for moderate damage in melee!
The wolf is very fast and can hit for moderate damage in melee!
You hit the yak.
There is a sudden explosion of sparks!
You kick the yak.
The spectral orc warrior hits you with a dire flail.
The spectral orc knight misses you. The wolf misses you. Something hits you.
The spectral orc warrior hits you but does no damage.
You take 8 damage, and have 60/177 hp.
You puncture the yak!
There is a sudden explosion of sparks!
You kill the yak!
The wolf bites you.
The spectral orc warrior closely misses you.
Something hits you but does no damage.
The spectral orc warrior barely misses you.
The spectral orc knight completely misses you.
The wolf completely misses you.
Spoiler Alert: The wolf is very fast and can hit for moderate damage in melee!
You impale the wolf!!
There is a sudden explosion of sparks!
You kill the wolf!
The spectral orc warrior barely misses you.
The giant frog closely misses you. The bolt of negative energy misses you.
The spectral orc warrior hits you with a dire flail.
You take 2 damage, and have 58/177 hp.
You impale the giant frog!!
There is a sudden explosion of sparks!
You kill the giant frog!
You are no longer berserk.
You are exhausted.
You feel yourself slow down.
The spectral orc warrior hits you but does no damage.
The spectral orc knight hits you with a great mace!
* * * LOW HITPOINT WARNING * * *
You feel drained.
* * * LOW HITPOINT WARNING * * *
Something barely misses you.
You now have 26/118 hp.
Drink which item? (? for menu, Esc to quit)
Okay, then.
A stone staircase leading up, spattered with blood.
Here: a spectral orc warrior, wielding a dire flail and wearing a plate armour (summoned)
A wolf corpse.
The floor.
You draw a card...
It is Swap.
You swap places with the spectral orc knight.
You are feeling hungry.
The spectral orc warrior hits you but does no damage. x2
The spectral orc knight hits you with a great mace!
* * * LOW HITPOINT WARNING * * *
You feel drained.
* * * LOW HITPOINT WARNING * * *
You take 11 damage, and have 15/118 hp.
The spectral orc warrior hits you but does no damage.
The bolt of negative energy hits you!
You feel drained.
You die...
Your body glows with a rainbow of weird colours and disappears.

...............
................
#.....(..........
#........††.......
P##........<†.......
........ZZ.†........
...................
........Z...........
##.....@...........
##...............
#...............
#####..#..#PP..
#.######## ##


You could see 2 spectral orc warriors and a spectral orc knight.

Vanquished Creatures
  A hydra (Lair:1)
  Erica (Lair:2)
  The ghost of Pikaro the Martial Artist, a powerful OpTm of Cheibriados (D:11)
  An unseen horror (D:11)
  Pikel (D:4)
  7 hill giants
  An ugly thing (D:11)
  A centaur zombie (D:10)
  2 spiny frogs
  2 trolls (D:11)
  4 wyverns
  A two-headed ogre (D:9)
  The ghost of Pikaro the Quickloader, an average CeHu of Okawaru (D:4)
  Grinder (D:5)
  Prince Ribbit (D:5)
  A trapdoor spider zombie (D:10)
  4 vampire mosquitoes (D:10)
  A deep elf mage (D:11)
  11 yaks
  Grum (D:10)
  A hungry ghost (D:11)
  5 hippogriffs
  3 wargs (D:8)
  Menkaure (D:7)
  14 wolves
  5 porcupines
  A sky beast (D:9)
  A slave (D:4)
  5 water moccasins
  11 orc warriors
  3 necrophages
  An eye of draining (D:5)
  3 ice beasts
  2 black bears
  19 ogres
  A phantom (D:10)
  9 crocodiles
  5 big kobolds
  Sigmund (D:5)
  5 centaurs
  17 giant frogs
  A water moccasin zombie (D:5)
  4 scorpions
  14 killer bees
  8 wights
  4 crimson imps
  10 hounds
  4 jellies
  4 goliath beetles
  A quasit (D:9)
  10 orc priests
  6 worker ants
  2 centaur skeletons
  11 iguanas
  16 orc wizards
  A killer bee zombie (D:5)
  A hound skeleton (D:11)
  6 gnolls
  21 adders
  20 river rats
  5 shadow imps
  2 giant mites
  5 worms
  An adder zombie (D:5)
  An adder skeleton (D:6)
  4 giant geckos
  2 oozes
  54 orcs
  21 bats
  7 giant cockroaches
  19 goblins
  25 hobgoblins
  11 jackals
  35 kobolds
  11 quokkas
  A ball python (D:2)
  7 giant newts
  3 giant spores
  An orc zombie (D:5)
  A quokka skeleton (D:6)
  21 rats
  33 ballistomycetes
  A fungus (Lair:1)
572 creatures vanquished.

Vanquished Creatures (collateral kills)
  A phantom (D:5)
  2 slaves (D:4)
  4 river rats (Lair:1)
7 creatures vanquished.

Vanquished Creatures (others)
  A troll (D:10)
  A wolf (Lair:4)
  A goliath beetle (D:7)
  A worm (D:4)
  2 goblins (D:4)
  A giant spore (D:7)
7 creatures vanquished.

Grand Total: 586 creatures vanquished

Notes
Turn   | Place    | Note
--------------------------------------------------------------
     0 | D:1      | Pikaro, the Centaur Hunter, began the quest for the Orb.
     0 | D:1      | Reached XP level 1. HP: 17/17 MP: 1/1
   273 | D:1      | Reached XP level 2. HP: 24/24 MP: 2/2
   705 | D:1      | Reached skill level 5 in Crossbows
  1434 | D:2      | Reached XP level 3. HP: 29/29 MP: 3/3
  1928 | D:2      | HP: 7/29 [goblin/dagger (2)]
  2194 | D:2      | Reached skill level 6 in Crossbows
  2207 | D:2      | Reached XP level 4. HP: 17/36 MP: 3/3
  2814 | D:2      | Found a shadowy altar of Dithmenos.
  3416 | D:3      | Found a blossoming altar of Fedhas.
  3418 | D:3      | Found an ancient bone altar of Kikubaaqudgha.
  3527 | D:2      | HP: 9/36 [poisoned by an adder]
  3527 | D:2      | HP: 4/36 [orc wizard/dagger of protection (5)]
  3533 | D:2      | Reached skill level 7 in Crossbows
  3533 | D:2      | Reached XP level 5. HP: 4/41 MP: 4/4
  3536 | D:2      | HP: 3/41 [poisoned by an adder]
  3541 | D:2      | HP: 3/41 [poisoned by an adder]
  3547 | D:2      | HP: 2/41 [poisoned by an adder]
  3995 | D:3      | HP: 10/41 [poisoned by a kobold]
  4001 | D:3      | HP: 8/41 [poisoned by a kobold]
  4007 | D:3      | HP: 7/41 [poisoned by a kobold]
  4015 | D:3      | HP: 6/41 [poisoned by a kobold]
  4416 | D:3      | Found an opulent altar of Gozag.
  4655 | D:3      | HP: 10/41 [hobgoblin/club (2)]
  4660 | D:3      | HP: 4/41 [goblin (3)]
  5078 | D:4      | Gained mutation: You are partially covered in rough black scales (AC +4, Dex -1). [potion of beneficial mutation]
  5099 | D:4      | Noticed an ogre
  5538 | D:4      | Killed an ogre
  5538 | D:4      | Reached skill level 8 in Crossbows
  5538 | D:4      | Reached XP level 6. HP: 48/48 MP: 5/5
  5579 | D:4      | Found a staircase to the Ecumenical Temple.
  5594 | Temple   | Entered the Ecumenical Temple
  5642 | Temple   | Became a worshipper of Nemelex Xobeh the Trickster
  5669 | D:4      | Noticed a slave
  5670 | D:4      | Noticed a slave
  5670 | D:4      | Noticed a slave
  5671 | D:4      | Noticed Pikel
  5671 | D:4      | Noticed an ogre
  5705 | D:4      | Received a gift from Nemelex Xobeh
  5714 | D:4      | Killed a slave
  5714 | D:4      | Killed a slave
  5719 | D:4      | Killed a slave
  5793 | D:4      | Noticed Pikaro's ghost (average CeHu)
  5812 | D:4      | Killed Pikaro's ghost
  5812 | D:4      | Reached skill level 9 in Crossbows
  5812 | D:4      | Reached XP level 7. HP: 33/55 MP: 5/5
  6066 | D:4      | Killed Pikel
  6066 | D:4      | Reached skill level 10 in Crossbows
  6066 | D:4      | Reached XP level 8. HP: 54/61 MP: 6/6
  6116 | D:4      | Noticed a freed slave
  6128 | D:4      | Reached skill level 11 in Crossbows
  6363 | D:4      | Killed an ogre
  6528 | D:5      | Entered Level 5 of the Dungeon
  7006 | D:5      | Noticed Sigmund
  7010 | D:5      | Noticed Prince Ribbit
  7082 | D:6      | Received a gift from Nemelex Xobeh
  7090 | D:5      | HP: 14/61 [twister/tornado[the player character] (7)]
  7098 | D:5      | Reached skill level 12 in Crossbows
  7139 | D:5      | HP: 11/61 [Sigmund/scythe (8)]
  7188 | D:5      | HP: 13/61 [Sigmund/puff of flame (6)]
  7194 | D:5      | HP: 4/61 [Sigmund/puff of flame (10)]
  7205 | D:5      | Killed Sigmund
  7615 | D:5      | Reached skill level 3 in Fighting
  7841 | D:5      | Reached skill level 4 in Fighting
  7890 | D:5      | Found a runed door.
  7931 | D:5      | Noticed Grinder
  8081 | D:5      | Found an iron altar of Okawaru.
  8359 | D:5      | Found a glowing golden altar of the Shining One.
  8360 | D:5      | Found a stormy altar of Qazlal.
  8423 | D:6      | Reached skill level 5 in Fighting
  8646 | D:5      | Reached XP level 9. HP: 41/75 MP: 7/7
  8787 | D:5      | Reached skill level 6 in Fighting
  8950 | D:5      | Found a bloodstained altar of Trog.
  8994 | D:5      | Learned a level 2 spell: Repel Missiles
  8997 | D:5      | Learned a level 2 spell: Call Imp
  9000 | D:5      | Learned a level 2 spell: Slow
  9003 | D:5      | Learned a level 2 spell: Blink
  9105 | D:5      | Found Goilitep's Assorted Antiques.
  9120 | D:5      | Killed Grinder
  9120 | D:5      | Reached skill level 7 in Fighting
  9128 | D:5      | Bought a scroll labeled SHANA XYULO for 24 gold pieces
  9168 | D:5      | Killed Prince Ribbit
  9175 | D:5      | Found a sacrificial altar of Ru.
  9187 | D:5      | Found a glowing silver altar of Zin.
  9187 | D:5      | Found a shattered altar of Ashenzari.
  9227 | D:5      | Bought a smoky silvery potion for 21 gold pieces
  9227 | D:5      | Bought a crooked iron wand for 96 gold pieces
  9638 | D:6      | Reached skill level 8 in Fighting
  9955 | D:6      | Reached skill level 9 in Fighting
 10601 | D:7      | Noticed a hill giant
 10604 | D:7      | Noticed Menkaure
 10633 | D:7      | HP: 15/85 [??? (12)]
 10637 | D:7      | Killed a hill giant
 10637 | D:7      | Reached skill level 10 in Fighting
 10637 | D:7      | Reached XP level 10. HP: 17/94 MP: 7/7
 10642 | D:7      | HP: 10/94 [??? (8)]
 10649 | D:7      | HP: 2/94 [Menkaure/nerve-wracking pain (9)]
 10650 | D:7      | Killed Menkaure
 11432 | D:7      | Got a bloodstained trident
 11433 | D:7      | Identified the +6 trident "Smaughud" {elec, rF+ rC+ MR- Dex+4} (You found it on level 7 of the Dungeon)
 11630 | D:7      | Found a stormy altar of Qazlal.
 11638 | D:7      | Received a gift from Nemelex Xobeh
 11887 | D:6      | Reached skill level 11 in Fighting
 12138 | D:7      | HP: 23/95 [poisoned by a killer bee]
 12143 | D:7      | HP: 17/95 [poisoned by a killer bee]
 12148 | D:7      | HP: 13/95 [poisoned by a killer bee]
 12153 | D:7      | HP: 10/95 [poisoned by a killer bee]
 12158 | D:7      | HP: 7/95 [poisoned by a killer bee]
 12165 | D:7      | HP: 6/95 [poisoned by a killer bee]
 12172 | D:7      | HP: 5/95 [poisoned by a killer bee]
 12180 | D:7      | HP: 5/95 [poisoned by a killer bee]
 12913 | D:8      | HP: 15/97 [warg (10)]
 12919 | D:8      | HP: 17/97 [gnoll/club (1)]
 13253 | D:8      | Found a staircase to the Lair.
 13297 | D:8      | Reached skill level 12 in Fighting
 14437 | D:9      | Received a gift from Nemelex Xobeh
 14690 | D:9      | Acquired Nemelex Xobeh's first power
 14695 | D:9      | Reached skill level 13 in Crossbows
 15332 | D:9      | Reached XP level 11. HP: 28/104 MP: 8/8
 15349 | D:9      | HP: 25/104 [sky beast (5)]
 15823 | D:10     | Entered Level 10 of the Dungeon
 15829 | D:10     | Received a gift from Nemelex Xobeh
 15830 | D:10     | Noticed a hill giant
 15841 | D:10     | Noticed Grum
 15913 | D:10     | HP: 21/104 [orc priest/nerve-wracking pain (12)]
 15916 | D:10     | HP: 10/104 [orc/flail (6)]
 15921 | D:10     | HP: 7/104 [orc/short sword (4)]
 15951 | D:10     | HP: 2/104 [trapdoor spider zombie (12)]
 15976 | D:10     | HP: 6/104 [bat (1)]
 15980 | D:10     | HP: 2/104 [wyvern (1)]
 16001 | D:11     | HP: 5/104 [kobold/short sword (3)]
 16692 | D:5      | Bought a scroll of remove curse for 72 gold pieces
 16893 | D:11     | Found Warialil's Weapon Shop.
 17336 | D:10     | Noticed a hill giant
 17371 | D:10     | Killed a hill giant
 17371 | D:10     | Reached skill level 14 in Crossbows
 17668 | D:10     | Killed a hill giant
 18258 | D:10     | Killed Grum
 18277 | D:10     | Reached skill level 15 in Crossbows
 18522 | D:11     | Found Beydghoirph's Armour Shop.
 18531 | D:11     | Found a staircase to the Orcish Mines.
 19021 | D:11     | Noticed a hill giant
 19272 | D:11     | Killed a hill giant
 19709 | D:11     | Reached skill level 16 in Crossbows
 19960 | D:11     | Noticed a hill giant
 19993 | D:11     | Killed a hill giant
 20096 | D:11     | Noticed a hill giant
 20109 | D:11     | Killed a hill giant
 20293 | D:11     | Reached XP level 12. HP: 50/112 MP: 9/9
 20747 | D:11     | Received a gift from Nemelex Xobeh
 20759 | D:11     | Noticed Pikaro's ghost (powerful OpTm)
 20769 | D:11     | Killed Pikaro's ghost
 20817 | D:11     | HP: 28/112 [red ugly thing (4)]
 21030 | D:11     | Noticed a hill giant
 21035 | D:11     | Killed a hill giant
 21035 | D:11     | Reached skill level 17 in Crossbows
 21075 | D:11     | Killed an unseen horror
 21378 | D:11     | Acquired Nemelex Xobeh's second power
 21713 | D:11     | HP: 26/112 [acid (8)]
 22076 | Lair:1   | Entered Level 1 of the Lair of Beasts
 22161 | Lair:1   | Received a gift from Nemelex Xobeh
 22449 | Lair:1   | Noticed a five-headed hydra
 22464 | Lair:1   | Killed a five-headed hydra
 22843 | Lair:1   | Received a gift from Nemelex Xobeh
 23477 | Lair:2   | Got a faintly glowing hat
 23488 | Lair:2   | Identified the +1 hat "Klentoitt" {rC- Str+9} (You found it on level 2 of the Lair of Beasts)
 23561 | Lair:2   | Reached skill level 5 in Dodging
 23561 | Lair:2   | Reached XP level 13. HP: 118/118 MP: 9/9
 23617 | Lair:2   | Reached skill level 18 in Crossbows
 23676 | Lair:2   | Reached skill level 6 in Dodging
 23834 | Lair:2   | Reached skill level 1 in Armour
 24006 | Lair:2   | Received a gift from Nemelex Xobeh
 24080 | Lair:2   | Got a pair of transparent gloves
 24091 | Lair:2   | Identified the +2 pair of gloves of Purpose {MR++} (You found it on level 2 of the Lair of Beasts)
 24189 | Lair:2   | Noticed Erica
 24206 | Lair:2   | Killed Erica
 24454 | Lair:2   | Found a bloodstained altar of Trog.
 25053 | Lair:3   | Received a gift from Nemelex Xobeh
 25065 | Lair:3   | Reached skill level 2 in Armour
 25115 | Lair:3   | Acquired Nemelex Xobeh's third power
 25287 | Lair:3   | Received a gift from Nemelex Xobeh
 25863 | Lair:4   | Noticed Nergalle
 25904 | Lair:4   | HP: 29/118 [spectral orc knight/great mace[Nergalle] (11)]
 25908 | Lair:4   | Killed from afar by Nergalle

Action                   |  1- 3 |  4- 6 |  7- 9 | 10-12 | 13-15 || total
-------------------------+-------+-------+-------+-------+-------++-------
Melee: Short sword       |   144 |     3 |       |       |       ||   147
       Dagger            |       |   244 |   442 |     3 |       ||   689
       Unarmed           |       |     2 |       |       |       ||     2
       Hand crossbow     |       |       |     2 |       |       ||     2
       Trident           |       |       |       |   794 |   211 ||  1005
 Fire: Hand crossbow     |    22 |    71 |   209 |   232 |       ||   534
Evoke: Deck              |       |     3 |    11 |     3 |     1 ||    18
       Wand              |       |       |       |     4 |       ||     4
  Use: Potion            |     2 |     1 |     4 |     3 |     1 ||    11
       Scroll            |       |     4 |     5 |     9 |       ||    18
 Stab: Invisible         |       |       |       |     2 |       ||     2
  Eat: Chunk             |     3 |    11 |    13 |    43 |     9 ||    79
       Bread ration      |       |       |       |     1 |       ||     1

Vault maps used:
D:1:      dpeg_arrival_three_same_balls
D:2:      wad_crossroads, lemuel_doored_altar, first_bread,
          minmay_misc_feat_four_crosses
D:3:      kennysheep_the_goblin_king, grunt_temple_overflow_growth_and_decay,
          grunt_gozag_breadcrumbs
D:4:      minmay_temple_entry_statues_pillars, st_stairs_9, uniq_pikel
D:5:      trog_eyes_of_draining, minmay_overflow_temple_hex, serial_shops,
          nicolae_shop_overgrown_old_shop, hangedman_jelly_panic, uniq_grinder,
          uniq_prince_ribbit1, uniq_sigmund
D:6:      st_stairs_13
D:7:      boulder_indie, nicolae_qazlal_eye_of_the_storm, uniq_menkaure
D:8:      erik_lair_orcish_takeover
D:9:      blue_anna_alchemist, roderic_chinese_pattern_swastika
D:10:     uniq_grum
D:11:     orc_david_3, minmay_misc_feat_more_columns
Temple:   temple_eino_lava_8
Lair:1:   infiniplex_staircase_pool_2, lemuel_fruit_tree
Lair:2:   basic_altar, beast_lair_carwin_8, bh_autumn_forest_stairs, uniq_erica
Lair:4:   elwin_shoals_entry_rooms, portal_ice_cave_entry_ice_beasts,
          uniq_nergalle

Table legend:
 A = Turns spent in this place as a percentage of turns spent in the entire game.
 B = Non-inter-level travel turns spent in this place as a percentage of non-inter-level travel turns spent in the entire game.
 C = Inter-level travel turns spent in this place as a percentage of turns spent in this place.
 D = Turns resting spent in this place as a percentage of non-inter-level travel turns spent in this place.
 E = Turns spent auto-exploring this place as a percentage of non-inter-level travel turns spent in this place.
 F = Non-inter-level travel turns spent in this place divided by the number of levels of this place that you've seen.
                   A       B       C       D       E      F
               +-------+-------+-------+-------+-------+----------------------
         Total | 100.0 | 100.0 |   0.5 |   4.7 |   4.5 | 459.7
       Dungeon |  86.1 |  86.1 |   0.5 |   4.9 |   4.2 | 575.9
        Temple |   0.4 |   0.4 |   0.0 |   0.0 |   7.1 |  28.0
          Lair |  13.5 |  13.5 |   0.6 |   3.5 |   6.8 | 248.0
               +-------+-------+-------+-------+-------+----------------------

Table legend:
 A = Kills in this place as a percentage of kills in entire the game.
 B = Kills by you in this place as a percentage of kills by you in the entire game.
 C = Kills by friends in this place as a percentage of kills by friends in the entire game.
 D = Other kills in this place as a percentage of other kills in the entire game.
 E = Experience gained in this place as a percentage of experience gained in the entire game.
 F = Experience gained in this place divided by the number of levels of this place that you have seen.
                   A       B       C       D       E      F
               +-------+-------+-------+-------+-------+----------------------
         Total | 100.0 | 100.0 | 100.0 |  -nan | 100.0 | 2299.5
       Dungeon |  83.6 |  84.2 |  20.0 |  -nan |  73.3 | 2451.0
          Lair |  16.4 |  15.8 |  80.0 |  -nan |  26.7 | 2457.8
               +-------+-------+-------+-------+-------+----------------------
